 Dungeon Crawl Stone Soup version 0.26-b1-32-g5d43845318 (webtiles) character file.

Game seed: 16657022505362265329

23924 inmateoo the Thaumaturge (level 13, 0/89 HPs)
             Began as an Octopode Transmuter on Jan 10, 2021.
             Was a High Priest of Makhleb.
             Slain by a basilisk (4 damage)
             ... while petrified by a basilisk
             ... on level 4 of the Lair of Beasts.
             The game lasted 00:41:18 (20750 turns).

inmateoo the Thaumaturge (Octopode Transmuter)     Turns: 20750, Time: 00:41:20

Health: 0/89       AC:  1    Str:  7    XL:     13   Next: 9%
Magic:  20/26      EV:  2    Int: 20    God:    Makhleb [*****.]
Gold:   720        SH:  0    Dex: 13    Spells: 3/30 levels left

rFire    . . .     SeeInvis .     - Unarmed
rCold    . . .     Faith    .   (no shield)
rNeg     + + +     Spirit   .   (helmet restricted)
rPois    ∞         Reflect  .   d - amulet of the acrobat
rElec    .         Harm     .   i - ring of poison resistance
rCorr    +         Rampage  .   s - ring of resist corrosion
Will     .....                  B - ring of wizardry
Stlth    +++++.....             v - ring of fire
HPRegen  0.24/turn              b - ring of ice
MPRegen  0.20/turn              (no ring)
                                (no ring)
                                (no ring)

@: petrified, very slightly contaminated, studying Crossbows
A: almost no armour, stealthy swim, amphibious, 8 rings, constrict 8, large bone
plates 1, camouflage 1, poison resistance, weak 1, gelatinous body 1
a: Renounce Religion, Minor Destruction, Lesser Servant of Makhleb, Major
Destruction, Greater Servant of Makhleb


You were on level 4 of the Lair of Beasts.
You worshipped Makhleb.
Makhleb was extremely pleased with you.
You visited 3 branches of the dungeon, and saw 16 of its levels.

You collected 1137 gold pieces.
You spent 417 gold pieces at shops.

Inventory:

Hand Weapons
 w - the +4 quarterstaff "Buzup" {vorpal, Will+ Int+2, unknown}
   (You found it on level 10 of the Dungeon)

   It inflicts extra damage upon your enemies.
   It affects your intelligence (+2).
   It affects your willpower, your defense against some magical effects.
Missiles
 y - a throwing net
Armour
 u - a +0 buckler
Magical Staves
 m - an uncursed staff of death
Jewellery
 b - a ring of ice (on tentacle)
 d - an amulet of the acrobat (around mantle)
 i - a ring of poison resistance (left tentacle)
 s - a ring of resist corrosion (right tentacle)
 v - a ring of fire (on tentacle)
 B - a ring of wizardry (on tentacle)
Wands
 j - a wand of paralysis (3)
 k - a wand of enslavement (4)
 p - a wand of flame (17)
 q - a wand of polymorph (19)
 A - a wand of random effects (20)
 C - a wand of acid (14)
Scrolls
 c - 9 scrolls of remove curse
 o - 2 scrolls of brand weapon
 r - 2 scrolls of fog
 z - 3 scrolls of identify
 E - a scroll of enchant armour
 F - a scroll of teleportation
 H - a scroll of enchant weapon
 I - a scroll of summoning
Potions
 a - a potion of attraction
 e - 5 potions of curing
 f - 4 potions of flight
 g - 4 potions of heal wounds
 h - 6 potions of brilliance
 l - 2 potions of might
 t - 2 potions of magic
 x - a potion of resistance
 D - a potion of invisibility
 G - a potion of haste
Books
 n - a manual of Crossbows


   Skills:
 + Level 8.4 Fighting
 + Level 7.0 Dodging
 + Level 8.4 Stealth
 + Level 7.0 Unarmed Combat
 + Level 9.1 Spellcasting
 + Level 4.4 Necromancy
 + Level 6.9 Transmutations
 + Level 5.5 Ice Magic
 * Level 5.7 Earth Magic
 - Level 5.0 Poison Magic
 + Level 7.4 Invocations


You had 3 spell levels left.
You knew the following spells:

 Your Spells              Type           Power        Failure   Level
a - Stone Arrow           Conj/Erth      40%          2%          3
b - Wereblood             Tmut           37%          1%          2
c - Spider Form           Tmut/Pois      16%          1%          3
d - Ice Form              Ice/Tmut       50%          2%          4
e - Blade Hands           Tmut           18%          4%          5
f - Beastly Appendage     Tmut           74%          1%          1
g - Lee's Rapid Deconstr  Erth           16%          9%          5
h - Summon Ice Beast      Ice/Summ       30%          10%         4

Your spell library contained the following spells:

 Spells                   Type           Power        Failure   Level
 Animate Skeleton         Necr           52%          1%          1
 Freeze                   Ice            100%         1%          1
 Pain                     Necr           100%         1%          1
 Sandblast                Erth           64%          1%          1
 Passwall                 Tmut/Erth      28%          1%          2
 Frozen Ramparts          Ice            92%          1%          3
 Ozocubu's Armour         Ice            46%          1%          3
 Vampiric Draining        Necr           13%          1%          3
 Petrify                  Tmut/Erth      34%          2%          4
 Animate Dead             Necr           13%          4%          4
 Hailstorm                Conj/Ice       30%          10%         4
 Agony                    Necr           26%          14%         5


Dungeon Overview and Level Annotations

Branches:
Dungeon (11/15)            Temple (1/1) D:6            Lair (4/6) D:9
  Swamp (0/4) Lair:2        Snake (0/4) Lair:2          Orc (0/2) D:11

Altars:
Ashenzari
Cheibriados
Dithmenos
Elyvilon
Fedhas
Gozag
Hepliaklqana
Kikubaaqudgha
Makhleb
Nemelex Xobeh
Okawaru
Qazlal
Ru
Sif Muna
Trog
Uskayaw
Vehumet
Wu Jian
Xom
Yredelemnul
Zin
The Shining One

Shops:
D:9 *   D:11 (

Annotations:
D:10 exclusions: orange crystal statue and 1 more exclusion
D:11 exclusion: manticore
Lair:4 Snorg


Innate Abilities, Weirdness & Mutations

You cannot wear most types of armour.
You are very stealthy in the water. (Stealth+)
You are amphibious.
You can wear up to eight rings at the same time.
You can use your tentacles to constrict eight enemies at once.
Your skin changes colour to match your surroundings (Stealth+).
Your rubbery body absorbs attacks. (AC +1, EV +1)
You are partially covered in large bone plates. (SH +4)
Your system is resistant to poisons. (rPois)
You are weak. (Str -2)


Message History

The water moccasin barely misses your ice beast.
Your ice beast misses the water moccasin.
The bullfrog hits you.
* * * LOW HITPOINT WARNING * * *
The water moccasin bites your ice beast but does no damage.
The basilisk bites you!
* * * LOW HITPOINT WARNING * * *
Your ice beast completely misses the water moccasin.
The bullfrog barely misses you.
The water moccasin completely misses your ice beast.
The bullfrog hits you. The basilisk bites you!
* * * LOW HITPOINT WARNING * * *
Your ice beast hits the water moccasin but does no damage.
The water moccasin bites your ice beast.
Your ice beast is poisoned.
The water moccasin poisons your ice beast!
The bullfrog hits you.
* * * LOW HITPOINT WARNING * * *
The basilisk bites you!
You die...

#...............
#...............
###...............
#.................
#................
#...............
#...............
#.....Fl........
#.....@S........
##.....Y.........
#PP.........##...
##PP........## ##P
#(..........#
###.........#
#...(......#
##.........##
#.........P#


You could see a basilisk, a water moccasin, a bullfrog and a friendly ice beast
(summoned, very poisoned).

Vanquished Creatures
  Fannar (D:10)
  3 hydras
  3 two-headed ogres
  Nergalle (D:10)
  7 cane toads
  4 komodo dragons
  2 kobold demonologists (D:8)
  Grinder (D:5)
  A nameless horror (Lair:1)
  11 wolves
  2 wraiths (D:10)
  30 yaks
  A wyvern (D:8)
  2 basilisks (Lair:2)
  Edmund (D:5)
  3 nagas (Lair:2)
  Menkaure (D:7)
  2 wargs (D:9)
  2 water moccasins
  3 ice beasts
  6 orc warriors
  5 sky beasts
  6 ogres
  4 phantoms
  3 black bears
  4 centaurs
  3 big kobolds
  19 bullfrogs
  A gnoll sergeant (D:7)
  3 scorpions
  2 water moccasin skeletons
  4 killer bees (D:8)
  8 wights (D:7)
  An electric eel (Lair:2)
  A howler monkey (D:6)
  A bullfrog zombie (D:9)
  A centaur zombie (D:8)
  4 jellies
  5 orc wizards
  A centaur skeleton (D:11)
  9 orc priests
  8 hounds
  3 bullfrog skeletons
  4 iguanas
  12 worker ants
  9 hell rats (Lair:3)
  A killer bee zombie (D:9)
  A hound skeleton (D:7)
  Robin (D:3)
  20 gnolls
  22 adders
  13 river rats (Lair:3)
  2 shadow imps
  6 white imps
  An ufetubus (D:5)
  An ooze (D:2)
  An adder zombie (D:4)
  An adder skeleton (D:7)
  4 worms
  3 leopard geckos
  25 orcs
  8 giant cockroaches
  12 goblins
  11 hobgoblins
  6 jackals
  11 quokkas
  8 bats
  4 frilled lizards
  A jackal skeleton (D:4)
  24 kobolds
  A leopard gecko skeleton (D:4)
  A quokka skeleton (D:5)
  19 rats
416 creatures vanquished.

Vanquished Creatures (collateral kills)
  A hydra (Lair:1)
  An oklob plant (Lair:3)
  3 komodo dragons
  4 yaks
  2 bullfrogs
  3 wolves (Lair:1)
14 creatures vanquished.

Vanquished Creatures (others)
  A yak (D:11)
  3 wolves (Lair:1)
  17 fungi
  39 plants
60 creatures vanquished.

Grand Total: 490 creatures vanquished

Notes
Turn   | Place    | Note
-------+----------+-------------------------------------------
     0 | D:1      | inmateoo the Octopode Transmuter began the quest for the
                  | Orb.
     0 | D:1      | Reached XP level 1. HP: 13/13 MP: 3/3
   283 | D:1      | Reached XP level 2. HP: 11/18 MP: 5/5
   942 | D:2      | Reached XP level 3. HP: 15/23 MP: 6/6
  1403 | D:2      | Learned a level 2 spell: Wereblood
  1407 | D:2      | Learned a level 3 spell: Spider Form
  1920 | D:3      | Reached skill level 1 in Poison Magic
  1920 | D:3      | Reached XP level 4. HP: 29/29 MP: 3/7
  2125 | D:3      | Reached XP level 5. HP: 16/34 MP: 3/8
  2305 | D:3      | Noticed Robin
  2348 | D:3      | Killed Robin
  3346 | D:4      | Noticed an ogre
  3365 | D:4      | Killed an ogre
  3366 | D:4      | Reached XP level 6. HP: 41/41 MP: 6/10
  3370 | D:4      | Reached skill level 3 in Spellcasting
  3500 | D:4      | Found a sparkling altar of Nemelex Xobeh.
  3668 | D:4      | Reached XP level 7. HP: 45/45 MP: 8/11
  4376 | D:5      | Entered Level 5 of the Dungeon
  5055 | D:5      | Learned a level 4 spell: Ice Form
  5343 | D:5      | Noticed Edmund
  5363 | D:5      | Killed Edmund
  5364 | D:5      | Reached skill level 1 in Ice Magic
  5364 | D:5      | Reached skill level 5 in Poison Magic
  5364 | D:5      | Reached XP level 8. HP: 52/52 MP: 11/13
  5599 | D:5      | Noticed Grinder
  5604 | D:5      | Paralysed by Grinder for 6 turns
  5617 | D:5      | Killed Grinder
  5618 | D:5      | Reached skill level 4 in Spellcasting
  6116 | D:5      | Reached skill level 5 in Unarmed Combat
  6681 | D:6      | Reached XP level 9. HP: 53/58 MP: 7/15
  6719 | D:6      | Reached skill level 5 in Transmutations
  6940 | D:6      | Found a staircase to the Ecumenical Temple.
  6955 | Temple   | Entered the Ecumenical Temple
  7027 | Temple   | Became a worshipper of Makhleb the Destroyer
  7070 | D:5      | Reached skill level 5 in Dodging
  7617 | D:6      | Found a stormy altar of Qazlal.
  7785 | D:7      | Reached skill level 1 in Stealth
  7904 | D:6      | Reached skill level 5 in Fighting
  7904 | D:6      | Reached skill level 1 in Invocations
  8026 | D:6      | Reached skill level 5 in Spellcasting
  8367 | D:7      | Reached * piety under Makhleb
  8373 | D:7      | Noticed Menkaure
  8383 | D:7      | Killed Menkaure
  8479 | D:7      | Learned a level 5 spell: Blade Hands
  8703 | D:7      | Reached XP level 10. HP: 8/64 MP: 14/18
  8969 | D:7      | Found a snail-covered altar of Cheibriados.
  8969 | D:7      | Found an ornate altar of the Wu Jian Council.
  8970 | D:7      | Found a bloodstained altar of Trog.
  9323 | D:7      | Reached skill level 5 in Ice Magic
  9480 | D:8      | Reached skill level 5 in Stealth
  9754 | D:8      | Reached skill level 6 in Spellcasting
  9800 | D:8      | Noticed a kobold demonologist
  9814 | D:8      | Noticed a smoke demon
 10146 | D:8      | Noticed an orange demon
 10147 | D:8      | Killed a kobold demonologist
 10309 | D:8      | Noticed a kobold demonologist
 10321 | D:8      | Killed a kobold demonologist
 10323 | D:8      | Reached ** piety under Makhleb
 10433 | D:8      | Reached skill level 5 in Invocations
 10524 | D:8      | Gained mutation: Your body sometimes deteriorates upon
                  | taking damage. [mutagenic glow]
 10579 | D:8      | Noticed a two-headed ogre
 10601 | D:8      | Killed a two-headed ogre
 10602 | D:8      | Reached skill level 7 in Spellcasting
 10648 | D:9      | Found a staircase to the Lair.
 10771 | D:9      | Reached skill level 8 in Spellcasting
 10782 | D:9      | Noticed a two-headed ogre
 10894 | D:9      | Killed a two-headed ogre
 10895 | D:9      | Reached skill level 1 in Necromancy
 10895 | D:9      | Reached XP level 11. HP: 40/75 MP: 15/23
 11347 | D:9      | Found a radiant altar of Vehumet.
 11360 | D:9      | Noticed a two-headed ogre
 11412 | D:9      | Killed a two-headed ogre
 11604 | D:9      | Found Usmuisar's Assorted Antiques.
 11607 | D:9      | Bought a fuming silvery potion for 25 gold pieces
 11607 | D:9      | Bought 2 potions of curing for 168 gold pieces
 11607 | D:9      | Bought a potion of magic for 224 gold pieces
 11975 | D:9      | Learned a level 3 spell: Stone Arrow
 12020 | D:10     | Entered Level 10 of the Dungeon
 12151 | D:10     | Learned a level 5 spell: Lee's Rapid Deconstruction
 12270 | D:10     | Noticed an orange crystal statue
 12327 | D:10     | Reached *** piety under Makhleb
 12800 | D:10     | Reached skill level 1 in Earth Magic
 13448 | D:10     | Got a steaming quarterstaff
 13673 | D:10     | Noticed Nergalle
 13703 | D:10     | Killed Nergalle
 13715 | D:10     | Noticed Fannar
 13754 | D:10     | Killed Fannar
 14111 | D:11     | Found a staircase to the Orcish Mines.
 14113 | D:11     | Found Hovvaj's Weapon Boutique.
 14330 | D:11     | Noticed a boulder beetle
 14494 | D:11     | Reached **** piety under Makhleb
 14552 | D:11     | Noticed a manticore
 14596 | D:11     | Reached XP level 12. HP: 75/82 MP: 19/24
 15080 | Lair:1   | Entered Level 1 of the Lair of Beasts
 15695 | Lair:1   | Learned a level 4 spell: Summon Ice Beast
 15696 | Lair:1   | Noticed a seven-headed hydra
 15939 | Lair:1   | Noticed a five-headed hydra
 16019 | Lair:1   | Killed a five-headed hydra
 16926 | Lair:1   | Killed a seven-headed hydra
 17173 | Lair:2   | You fall into a shaft and drop 1 floor!
 17211 | Lair:2   | Noticed an eight-headed hydra
 17231 | Lair:2   | Found a staircase to the Swamp.
 17333 | Lair:2   | Killed an eight-headed hydra
 17827 | Lair:2   | Found a staircase to the Snake Pit.
 18234 | Lair:2   | Lost mutation: Your body sometimes deteriorates upon taking
                  | damage. [potion of mutation]
 18234 | Lair:2   | Gained mutation: You are partially covered in large bone
                  | plates. (SH +4) [potion of mutation]
 18234 | Lair:2   | Gained mutation: You are weak. (Str -2) [potion of
                  | mutation]
 18234 | Lair:2   | Gained mutation: Your system is resistant to poisons.
                  | (rPois) [potion of mutation]
 18390 | Lair:3   | Reached skill level 5 in Earth Magic
 18701 | Lair:3   | Reached skill level 9 in Spellcasting
 18914 | Lair:3   | Reached ***** piety under Makhleb
 19008 | Lair:3   | Noticed an eight-headed hydra
 19298 | Lair:3   | Found a basalt altar of Yredelemnul.
 19325 | Lair:3   | Reached XP level 13. HP: 37/89 MP: 14/26
 20262 | Lair:4   | Noticed Snorg
 20750 | Lair:4   | HP: 4/89 [bullfrog (2)]
 20750 | Lair:4   | Slain by a basilisk

Illustrated notes

Levels and vault maps discovered:
D:1:      matt_arrival_spirals, layout_basic
D:2:      layout_basic, kennysheep_doodads
D:3:      layout_basic, uniq_robin
D:4:      layout_cave_pods, nemelex_xobeh_ov_fountains_minmay
D:5:      layout_cave_pods, minmay_manual_mail, uniq_edmund, uniq_grinder
D:6:      layout_basic, grunt_qazlal_clouds, minmay_temple_entry_offerings
D:7:      layout_rooms, chequers_temple_overflow_statue_of_worship,
          uniq_menkaure
D:8:      layout_rooms
D:9:      layout_loops_cross, lemuel_round_altar, erik_lair_orcish_takeover,
          serial_shops, shop, moated_statue
D:10:     layout_cross, disabler_island, uniq_fannar, uniq_nergalle
D:11:     layout_basic, orc_david_3
Temple:   nicolae_temple_elliptical
Lair:1:   layout_chaotic_city
Lair:2:   minmay_lair_venomous_thicket, layout_cave_shapes, swamp_mist_pool,
          guppyfry_snake_entry_garden
Lair:3:   lemuel_ratsnest, layout_misc_corridors, lemuel_oklob_altar
Lair:4:   layout_gridlike, lemuel_fruit_tree, grunt_megastairs_3, uniq_snorg

Skill      XL: |  1  2  3  4  5  6  7  8  9 10 11 12 13 |
---------------+----------------------------------------+-----
Poison Magic   | 1 3 5 |  5.0
Fighting       | 2 3 4 5 7 8 |  8.4
Dodging        | 3 4 5 6 7 |  7.0
Transmutations | 3 4 5 6 |  6.9
Spellcasting   | 3 4 5 8 9 |  9.1
Unarmed Combat | 4 5 6 7 |  7.0
Ice Magic      | 1 2 4 5 |  5.5
Stealth        | 4 5 7 8 |  8.4
Invocations    | 3 5 6 7 |  7.4
Necromancy     | 1 3 4 |  4.4
Earth Magic    | 3 5 |  5.7

Action                   |  1- 3 |  4- 6 |  7- 9 | 10-12 | 13-15 || total
-------------------------+-------+-------+-------+-------+-------++-------
Melee: Unarmed           |    81 |   148 |   329 |   785 |    16 ||  1359
       Constrict         |    23 |    19 |    15 |    51 |     2 ||   110
       Kick              |    14 |     1 |     2 |     3 |       ||    20
       Tentacles         |    12 |    16 |     8 |    50 |     3 ||    89
       Punch             |     2 |     2 |     3 |    15 |       ||    22
 Cast: Beastly Appendage |    16 |     2 |     2 |     3 |       ||    23
       Spider Form       |     2 |     9 |    24 |    20 |       ||    55
       Wereblood         |       |     1 |     1 |       |       ||     2
       Ice Form          |       |       |     7 |    25 |     1 ||    33
       Blade Hands       |       |       |       |    36 |     3 ||    39
       Stone Arrow       |       |       |       |    14 |     3 ||    17
       Summon Ice Beast  |       |       |       |    20 |    11 ||    31
Invok: Lesser Servant of |       |       |       |     2 |       ||     2
 Abil: End Transformatio |       |       |     1 |     4 |       ||     5
Evoke: Wand              |       |       |     2 |    22 |       ||    24
  Use: Scroll            |     4 |     4 |    12 |    13 |     1 ||    34
       Potion            |       |       |     1 |    11 |       ||    12
 Stab: Sleeping          |     1 |     4 |     5 |    10 |       ||    20
       Paralysed         |       |       |       |     7 |       ||     7
       Distracted        |       |       |       |     4 |       ||     4
Armor: Skin              |     5 |    10 |    39 |    84 |     1 ||   139
Dodge: Dodged            |    47 |   104 |   272 |   520 |    14 ||   957
Block: Other             |       |       |       |    16 |     2 ||    18
